Map: Lerilak Crest

Players

LilDicky - Winner!

  • Race: Terran Terran
  • League: Diamond

Gomo

  • Race: Zerg Zerg
  • League: Diamond

VOD

http://www.twitch.tv/tumescentpie

Description

Time

  • Played on: Dec. 26, 2015, 11:36 p.m.
  • Length: 9:44
Show
View Real Time Build Order
Export as new Build Order

LilDicky Terran - Winner!

Build Orders: MMM Bio 

Get SALT Encoding   

  12  0:03  SCV  
  13  0:17  SCV  
  13  0:19  Supply Depot  
  14  0:29  SCV  
  15  0:41  SCV  
  16  0:43  Barracks  
  16  0:53  SCV  
  17  1:05  SCV  
  18  1:17  SCV  
  19  1:30  Marine  
  20  1:33  Supply Depot, Orbital Command  
  20  1:52  Marine  
  21  1:59  SCV  
  22  2:06  Command Center  
  22  2:11  Command Center  
  22  2:14  Marine  
  23  2:24  SCV  
  24  2:31  Marine  
  24  2:34  Barracks  
  24  2:35  Barracks  
  25  2:38  SCV  
  25  2:42  Supply Depot  
  26  2:50  SCV, Marine  
  28  2:57  Barracks  
  28  3:04  Barracks  
  28  3:08  Marine  
  29  3:25  Marine x3  
  32  3:31  Orbital Command  
  32  3:32  SCV  
  33  3:43  Marine x2  
  33  3:44  SCV  
  36  3:50  Marine x2  
  36  3:51  Marine  
  36  3:55  Refinery x2  
  39  3:56  SCV  
  39  4:02  Orbital Command  
  40  4:04  SCV  
  40  4:05  Marine  
  40  4:06  Marine  
  40  4:08  Marine  
  44  4:10  Marine  
  44  4:12  Marine  
  46  4:18  SCV x2  
  48  4:44  Marine x3  
  53  4:47  Barracks Tech Lab x2  
  53  4:48  SCV x3  
  54  4:55  Factory  
  54  5:00  SCV x2  
  54  5:01  Marine  
  54  5:02  Marine x2  
  58  5:14  Marine x2  
  58  5:16  Stimpack  
  58  5:18  SCV  
  58  5:19  SCV, Marine x2  
  58  5:20  Marine  
  65  5:21  Refinery  
  65  5:24  SCV  
  65  5:26  Refinery  
  66  5:31  SCV  
  66  5:32  Marine x2  
  66  5:33  Bunker  
  66  5:35  Bunker  
  69  5:39  Barracks Reactor  
  69  5:40  Barracks Reactor  
  69  5:41  SCV, Marine  
  69  5:42  Combat Shields  
  71  5:45  SCV  
  72  5:50  Marine  
  72  5:51  Marine  
  74  5:58  Starport  
  74  5:59  Marine  
  74  6:02  Supply Depot, Factory Reactor  
  74  6:04  Supply Depot  
  75  6:08  Marine x2  
  75  6:09  Supply Depot  
  77  6:14  Supply Depot, Orbital Command  
  77  6:23  Marine  
  77  6:24  SCV x2  
  80  6:25  Marine  
  80  6:26  Marine  
  80  6:28  Supply Depot  
  80  6:30  Supply Depot  
  82  6:33  Marine x4  
  82  6:39  Engineering Bay  
  86  6:41  Engineering Bay, Marine  
  86  6:43  Marine  
  86  6:44  Marine  
  86  6:46  Supply Depot  
  89  6:50  Marine  
  90  6:54  Supply Depot  
  90  7:01  Marine x4  
  93  7:06  Medivac x2  
  93  7:07  Marine  
  99  7:10  Factory Tech Lab  
  99  7:16  Missile Turret  
  99  7:17  SCV  
  99  7:21  Marine  
  101  7:27  Marine x2  
  103  7:33  Marine x2  
  105  7:37  Marine  
  106  7:54  Marine x2  
  106  7:57  Marine x3  
  107  7:58  Marine  
  95  8:33  Marine x2  
  81  8:36  Marine  
  81  8:37  Marine x4  
  76  8:50  Marine  
  76  8:51  Marine  
  76  8:54  Marine x3  
  76  8:55  Marauder x2  
  77  9:08  Marine x2  
  79  9:12  Marine x3  
  79  9:16  Marauder x2  
  86  9:23  Barracks  
  86  9:24  Barracks  
  86  9:25  Barracks  
  86  9:26  Barracks, Marine x2  
  86  9:27  Command Center, Barracks  
  86  9:28  SCV  
Show
View Real Time Build Order
Export as new Build Order

Gomo Zerg 

Build Orders: Hatch First 

Get SALT Encoding   

  12  0:01  Drone  
  13  0:12  Overlord  
  13  0:18  Drone  
  14  0:31  Drone x2  
  16  0:37  Drone  
  17  0:45  Drone  
  18  0:58  Hatchery  
  18  1:01  Drone  
  18  1:05  Extractor  
  17  1:21  Drone, Spawning Pool  
  17  1:22  Drone  
  18  1:37  Overlord  
  18  1:39  Drone  
  19  2:05  Drone  
  20  2:08  Queen  
  20  2:10  Zergling x4  
  20  2:13  Overlord  
  20  2:14  Metabolic Boost  
  24  2:24  Queen  
  24  2:26  Drone x2  
  28  2:32  Drone  
  28  2:34  Drone  
  30  2:42  Drone  
  31  2:51  Drone  
  31  2:55  Drone  
  31  2:56  Drone  
  34  2:59  Hatchery  
  33  3:06  Drone x2  
  34  3:25  Drone x2  
  35  3:29  Overlord  
  35  3:30  Drone  
  36  3:34  Overlord x2  
  36  3:41  Evolution Chamber  
  36  3:44  Evolution Chamber, Drone x2  
  36  3:46  Roach Warren, Queen  
  36  3:47  Spore Crawler  
  37  3:48  Drone  
  37  3:50  Drone  
  38  3:58  Drone x3  
  38  3:59  Drone  
  42  4:08  Extractor  
  42  4:09  Drone x3  
  44  4:11  Zerg Missile Weapons Level 1, Extractor  
  44  4:17  Queen  
  43  4:23  Zergling x2  
  43  4:24  Zergling x6  
  49  4:29  Roach  
  49  4:30  Roach  
  48  4:35  Roach  
  45  4:44  Roach x2  
  48  4:48  Extractor  
  47  4:53  Roach  
  47  4:54  Spine Crawler  
  49  5:11  Roach  
  51  5:17  Hatchery  
  51  5:18  Drone x2  
  52  5:36  Overlord x2  
  52  5:44  Spore Crawler  
  52  5:47  Drone, Spore Crawler  
  52  5:48  Drone  
  52  5:53  Overlord  
  52  5:54  Drone  
  52  5:55  Drone  
  54  6:01  Roach  
  54  6:02  Roach  
  58  6:09  Drone x3  
  61  6:15  Lair  
  61  6:30  Drone x2  
  61  6:31  Drone x2  
  61  6:32  Roach x2  
  69  6:35  Ravager x2  
  71  6:49  Drone  
  71  6:50  Drone  
  73  7:01  Drone, Extractor  
  73  7:02  Drone  
  74  7:08  Overlord x2  
  74  7:12  Overlord  
  74  7:13  Overlord x2  
  74  7:14  Overseer  
  74  7:26  Overlord x2  
  74  7:28  Queen  
  75  7:45  Roach x10  
  75  7:51  Overlord x2  
  94  7:59  Glial Reconstitution  
  94  8:05  Roach x2  
  98  8:07  Overlord x3  
  87  8:26  Roach x6  
  74  8:38  Roach x4  
  82  8:42  Roach, Spawning Pool  
  68  8:56  Ravager x2  
  70  9:03  Hatchery  
  69  9:19  Ravager x3  
  72  9:29  Spawning Pool  
Tags
 
Add a new tag
Caveats
  • Supply blocks, unpowered buildings, or Contaminate may cause inaccurate times.
  • Supply counts are checked every 10 seconds.